Map: Catalyst LE

Players

Juxtapose - Winner!

  • Race: Protoss Protoss
  • League: Platinum
  • Spawn Location: 11:00

SkrOs

  • Race: Protoss Protoss
  • League: Master
  • Spawn Location: 5:00

VOD

https://youtu.be/vg0X1nALDpE

Description

I don't believe I've ever faced anyone from Masters League in Ranked before, so I knew I was in for a challenge.

Given the skill gap, I'm extremely pleased how I did, and I wonder how I would have done had I targeted down his natural's Nexus as opposed to its Pylon...

Regardless, SkrOs was kind enough to give me some good tips, and he did something even more generous at the end, so thank you SkrOs!

He also recommended his Twitch Channel to help learn more about Protoss. Once work dies down and I have more free time I certainly will as my Protoss game does need help.

For anyone looking to check it out, it's http://www.twitch.tv/skros . Note it is in Spanish.

Time

  • Played on: Jan. 17, 2018, 7:28 p.m.
  • Length: 10:09
Show
View Real Time Build Order
Export as new Build Order

Juxtapose Protoss - Winner!

Build Orders:  

Get SALT Encoding   

  12  0:01  Probe  
  13  0:13  Probe  
  14  0:20  Pylon  
  14  0:25  Probe  
  15  0:38  Probe  
  15  0:40  Gateway  
  16  0:51  Probe  
  16  0:52  Assimilator  
  17  1:03  Probe  
  18  1:15  Assimilator, Probe  
  19  1:25  Pylon  
  19  1:32  Cybernetics Core  
  19  1:38  Probe  
  20  1:40  Zealot (Chrono Boost)  
  22  1:50  Probe  
  23  2:10  Warp Gate  
  23  2:11  Probe  
  24  2:20  Stargate  
  24  2:22  Pylon  
  24  2:23  Probe  
  24  2:27  Stalker  
  27  2:43  Probe  
  27  3:00  Stalker  
  27  3:03  Void Ray (Chrono Boost)  
  26  3:07  Shield Battery  
  32  3:32  Pylon  
  32  3:40  Gateway  
  32  3:43  Void Ray  
  36  3:53  Stalker  
  38  4:23  Void Ray (Chrono Boost), Forge  
  42  4:44  Stalker  
  44  4:46  Stalker  
  44  4:53  Pylon  
  42  5:07  Void Ray  
  46  5:15  Gateway  
  46  5:21  Stalker  
  48  5:46  Probe  
  48  5:49  Nexus  
  37  6:32  Stalker  
  37  6:33  Stalker  
  37  6:36  Void Ray  
  37  6:59  Stalker x2  
  41  7:02  Probe x2  
  37  7:14  Probe  
  37  7:15  Probe  
  39  7:18  Void Ray (Chrono Boost)  
  43  7:27  Probe x2  
  45  7:33  Stalker  
  47  7:39  Probe x2  
  37  7:55  Stalker x2  
  32  8:11  Stalker  
  9  8:22  Stalker x2  
  9  8:44  Probe  
  10  8:56  Probe  
Show
View Real Time Build Order
Export as new Build Order

SkrOs Protoss 

Build Orders:  

Get SALT Encoding   

  12  0:01  Probe  
  13  0:13  Probe  
  14  0:18  Pylon  
  14  0:25  Probe  
  15  0:37  Probe  
  15  0:41  Gateway  
  16  0:49  Probe  
  17  0:50  Assimilator  
  17  0:55  Assimilator  
  17  1:01  Probe  
  18  1:13  Probe  
  18  1:17  Gateway  
  20  1:25  Probe  
  20  1:32  Cybernetics Core  
  20  1:36  Pylon  
  20  1:37  Probe  
  21  2:01  Warp Gate (Chrono Boost)  
  21  2:08  Stalker x2  
  25  2:29  Nexus  
  25  2:44  Stalker x2  
  29  2:57  Pylon, Probe  
  30  3:06  Robotics Facility  
  30  3:14  Pylon  
  30  3:20  Probe  
  31  3:33  Probe  
  34  3:40  Probe  
  33  3:43  Stalker x2  
  33  3:45  Probe  
  38  3:51  Warp Prism (Chrono Boost)  
  40  4:01  Probe x2  
  38  4:13  Stalker  
  38  4:14  Stalker  
  38  4:16  Probe (Chrono Boost)  
  43  4:18  Probe (Chrono Boost)  
  44  4:28  Probe (Chrono Boost)  
  44  4:31  Probe (Chrono Boost)  
  46  4:35  Probe (Chrono Boost)  
  46  4:36  Pylon, Probe (Chrono Boost)  
  48  4:42  Twilight Council  
  48  4:44  Probe x2  
  50  4:56  Probe  
  50  4:57  Probe  
  50  5:04  Stalker x2  
  52  5:08  Probe  
  52  5:09  Probe  
  52  5:12  Charge (Chrono Boost), Pylon  
  54  5:17  Immortal  
  58  5:29  Zealot x2  
  58  5:34  Gateway  
  62  5:37  Gateway  
  62  5:43  Gateway  
  62  5:50  Gateway  
  62  5:56  Gateway  
  62  5:57  Gateway  
  60  6:05  Stalker x2  
  54  6:29  Pylon  
  54  6:30  Stalker x2  
  54  6:34  Stalker  
  54  6:35  Stalker  
  54  6:51  Stalker  
  46  6:56  Stalker x2  
  50  7:16  Assimilator  
  50  7:18  Assimilator  
  50  7:20  Pylon  
  50  7:31  Nexus  
  50  7:32  Stalker x2  
  50  7:33  Stalker x3  
  50  7:35  Zealot  
  50  7:36  Zealot x2  
  60  8:10  Stalker x4  
  60  8:11  Stalker x3  
  72  8:23  Stalker  
Tags
 
Matchup
PvP
Spawn Locations
Cross Positions
Add a new tag
Caveats
  • Supply blocks, unpowered buildings, or Contaminate may cause inaccurate times.
  • Supply counts are checked every 10 seconds.